 Dungeon Crawl Stone Soup version 0.21.1-1-g345015f (webtiles) character file.

384608 RitorJet the Bludgeoner (level 24, -3/175 HPs)
             Began as a Formicid Fighter on Mar 25, 2018.
             Was the Champion of Hepliaklqana.
             Killed from afar by a deep elf sorcerer (28 damage)
             ... with damnation
             ... on level 3 of the Elven Halls on Mar 26, 2018.
             The game lasted 02:58:49 (41313 turns).

RitorJet the Bludgeoner (Formicid Fighter)         Turns: 41313, Time: 02:58:51

Health: -3/175     AC: 34    Str: 32    XL:     24   Next: 5%
Magic:  33/33      EV: 16    Int: 13    God:    Hepliaklqana [******]
Gold:   1422       SH: 25    Dex:  8    Spells: 9/23 levels left

rFire    + + +     SeeInvis +   g - +9 great mace (flame)
rCold    + + +     Gourm    .   y - +3 large shield
rNeg     + . .     Faith    +   c - +2 crystal plate armour
rPois    +         Spirit   .   (helmet unavailable)
rElec    .         Reflect  .   D - +2 ratskin cloak {+Rats rPois rN+ Str-1 Int-1 Dex+1}
rCorr    .         Harm     .   t - +1 pair of gloves of the Gate {MR+ Str+3}
MR       +++++                  o - +1 pair of boots
Stlth    ..........             k - amulet "Puetok" {Faith +Inv rF+}
HPRegen  0.39/turn              Z - ring of Amorality {*Tele rC+++ Int+3}
MPRegen  0.23/turn              j - ring "Archeoxe" {rF+++ MR+ EV+4 Dex-5 Slay+2}

@: no status effects
A: permanent stasis, dig shafts and tunnels, four strong arms, reduced essence,
antennae 3, talons 1, camouflage 1, agile 1, magic resistance 1
}: 2/15 runes: serpentine, barnacled
a: Dig, Shaft Self, Recall Ancestor, Ancestor Identity, Transference, Idealise,
Renounce Religion, Evoke Ratskin, Evoke Invisibility


You were on level 3 of the Elven Halls.
You worshipped Hepliaklqana.
Hepliaklqana was exalted by your worship.
You were not hungry.

You visited 8 branches of the dungeon, and saw 39 of its levels.
You also visited: Volcano and Desolation.

You collected 4719 gold pieces.
You spent 3297 gold pieces at shops.

Inventory:

Hand Weapons
 g - a +9 great mace of flaming (weapon)
 w - a +2 great mace of draining
 B - a +4 great mace
 C - a +2 great mace
Armour
 c - a +2 crystal plate armour (worn)
 l - a +4 plate armour of fire resistance
 o - a +1 pair of boots (worn)
 t - the +1 pair of gloves of the Gate (worn) {MR+ Str+3}
   (You acquired it on level 2 of the Vaults)

   It affects your strength (+3).
   It affects your resistance to hostile enchantments.
 y - a +3 large shield (worn)
 D - the +2 ratskin cloak (worn) {+Rats rPois rN+ Str-1 Int-1 Dex+1}
   (You acquired it on level 2 of the Vaults)

   It affects your strength (-1).
   It affects your intelligence (-1).
   It affects your dexterity (+1).
   It protects you from poison.
   It protects you from negative energy.
 U - a +2 cloak of magic resistance
Jewellery
 j - the ring "Archeoxe" (right hand) {rF+++ MR+ EV+4 Dex-5 Slay+2}
   (You found it in the Desolation of Salt)

   [ring of evasion]

   It affects your evasion (+4).
   It affects your dexterity (-5).
   It affects your accuracy and damage with ranged weapons and melee attacks
   (+2).
   It renders you almost immune to fire.
   It affects your resistance to hostile enchantments.
 k - the amulet "Puetok" (around neck) {Faith +Inv rF+}
   (You found it on level 2 of the Snake Pit)

   [amulet of faith]

   It allows you to gain divine favour quickly.
   It protects you from fire.
   It lets you turn invisible.
 K - the ring of Shadows {Umbra +Inv Stlth+}
   (You found it on level 2 of the Elven Halls)

   [ring of stealth]

   It lets you turn invisible.
   It makes you more stealthy.
 X - the amulet "Ygeq" {+Rage rPois rN+}
   (You found it on level 2 of the Snake Pit)

   [amulet of rage]

   It protects you from poison.
   It protects you from negative energy.
   It lets you go berserk.
 Z - the ring of Amorality (left hand) {*Tele rC+++ Int+3}
   (You bought it in a shop on level 2 of the Orcish Mines)

   [ring of teleportation]

   It may teleport you next to monsters.
   It affects your intelligence (+3).
   It renders you almost immune to cold.
Wands
 a - a wand of enslavement (8)
 n - a wand of disintegration (31)
 p - a wand of iceblast (15)
 s - a wand of random effects (75)
 v - a wand of scattershot (4)
 H - a wand of polymorph (14)
 M - a wand of clouds (6)
 R - a wand of paralysis (35)
 S - a wand of acid (19)
Scrolls
 b - 3 scrolls of identify
 d - a scroll of holy word
 h - 5 scrolls of fog
 m - 14 scrolls of remove curse
 q - 3 scrolls of amnesia
 N - a scroll of enchant armour
 Q - 6 scrolls of immolation
 V - 4 scrolls of magic mapping
Potions
 e - 8 potions of curing
 i - 4 potions of agility
 r - 2 potions of resistance
 u - 3 potions of heal wounds
 x - a potion of invisibility
 z - 7 potions of flight
 A - 2 potions of might
 E - 2 potions of magic
 I - 5 potions of brilliance
 L - 2 potions of ambrosia
Miscellaneous
 F - a phantom mirror
 G - a lightning rod (4/4)
 J - 3 boxes of beasts
 T - a lamp of fire (inert)
Comestibles
 f - 37 rations


   Skills:
 - Level 17.5 Fighting
 + Level 20.2 Maces & Flails
 - Level 15.4 Armour
 - Level 14.5 Dodging
 - Level 16.6 Shields
 + Level 7.2 Necromancy
 - Level 10.1 Invocations
 - Level 14.0 Evocations


You had 9 spell levels left.
You knew the following spells:

 Your Spells              Type           Power        Failure   Level  Hunger
a - Tornado               Air            #.........   100%        9    #######
b - Dispel Undead         Necr           ###.....     99%         5    ######.


Dungeon Overview and Level Annotations

Branches:
Dungeon (15/15)            Temple (1/1) D:5            Lair (6/6) D:11
 Shoals (4/4) Lair:2        Snake (4/4) Lair:3        Slime (0/5) Lair:6
    Orc (2/2) D:10            Elf (3/3) Orc:2        Vaults (4/5) D:13
  Crypt (0/3) Vaults:2     Depths (0/5) D:15

Altars:
Ashenzari
Cheibriados
Dithmenos
Elyvilon
Fedhas
Gozag
Hepliaklqana
Kikubaaqudgha
Makhleb
Nemelex Xobeh
Okawaru
Qazlal
Ru
Sif Muna
Trog
Uskayaw
Vehumet
Wu Jian
Xom
Yredelemnul
Zin
The Shining One
Beogh
Jiyva

Shops:
D:4 %   D:6 **}   D:7 (   D:14 :   Orc:2 }(!=   Elf:1 [   Elf:3 ([[?
Shoals:1 (   Shoals:4 *   Vaults:4 (

Portals:
Trove: Elf:2 (give 5 potions of resistance)


Innate Abilities, Weirdness & Mutations

You cannot be hasted, slowed, berserked, paralysed or teleported.
You can dig through walls and to a lower floor.
Your four strong arms can wield two-handed weapons with a shield.
You have a pair of large antennae on your head. (SInv)
Your life essence is reduced to manifest your ancestor. (-10% HP)
You have sharp toenails.
Your skin changes colour to match your surroundings (Stealth+).
You are agile. (Dex +2)
You are resistant to hostile enchantments. (MR+)


Message History

* * * LOW HITPOINT WARNING * * *
The damnation engulfs Jinn.
The deep elf sorcerer is engulfed in blazing flames.
The deep elf sorcerer gestures at you while chanting.
The bolt of acid hits you!
* * * LOW HITPOINT WARNING * * *
You are splashed with acid!
The acid burns!
* * * LOW HITPOINT WARNING * * *
The green death is engulfed in blazing flames.
Unknown command.
Unknown command.
Okay, then.
You swap places.
You hear rumbling.
The deep elf sorcerer is engulfed in blazing flames.
The deep elf sorcerer points at you and mumbles some strange words.
The sphere of damnation explodes!
The damnation engulfs Jinn.
Jinn is destroyed!
The damnation engulfs you!
You die...

#.........# #.#
#.........# #<#
#.........# ##.#
#.........#
#..######
#.........#####
#........
#.............##
#........
#.........###..#
#..######
########### ##.#
#### {{#@# {#)#
#§# .§§ ee§.§
...§.e.
.ee..§2e.
...e..2e.§e {
.e....#.§e§..


You could see a deep elf master archer, a green death, a deep elf annihilator, a
blizzard demon, a deep elf sorcerer, a deep elf demonologist and a deep elf
knight.

Vanquished Creatures
  Rupert (D:12)
  A deep elf blademaster (Elf:2)
  2 krakens (Shoals:1)
  A sphinx (Vaults:4)
  Gastronok (D:12)
  Agnes (Elf:1)
  4 nagarajas (Snake:4)
  An imperial myrmidon (Desolation)
  Ilsuiw (Shoals:4)
  2 fire giants (Vaults:4)
  Louise (Elf:1)
  2 deep elf sorcerers
  6 vault wardens
  A frost giant (Vaults:3)
  2 deep elf elementalists (Elf:3)
  4 ironheart preservers
  An entropy weaver (Vaults:2)
  2 very ugly things (Vaults:4)
  The ghost of lyrx the Imperceptible, an adept SpEn of Uskayaw (Shoals:4)
  3 stone giants
  A vampire knight (Vaults:2)
  A deep elf demonologist (Vaults:4)
  A deep elf annihilator (Vaults:4)
  A halazid warlock (Desolation)
  Snorg (D:11)
  The ghost of homeworkjunkie the Severer, a journeyman HOFi of Okawaru (Orc:1)
  3 deep elf death magi
  4 merfolk impalers
  2 ettins (Vaults:4)
  6 merfolk javelineers
  4 fire dragons
  4 crystal guardians (Desolation)
  7 ragged hierophants (Desolation)
  Fannar (Lair:1)
  2 rakshasas
  2 yaktaur captains
  A hydra (shapeshifter) (Elf:2)
  Erolcha (Orc:1)
  5 peacekeepers (Desolation)
  3 hydras
  An ice dragon (Vaults:3)
  7 vault guards
  5 servants of whispers (Desolation)
  3 catoblepae (Lair:6)
  5 merfolk aquamancers (Shoals:4)
  3 anacondas
  A death knight (D:11)
  2 centaur warriors
  7 death yaks
  2 merfolk avatars
  The ghost of SaintRoka the Unseen, a journeyman SpAr of Gozag (Lair:1)
  37 two-headed ogres
  8 naga warriors
  A tengu warrior (D:14)
  14 ogre magi
  16 dancing weapons
  7 naga sharpshooters
  2 satyrs
  2 orc high priests (Orc:1)
  22 deep elf knights
  5 shock serpents
  5 hell knights (Vaults:4)
  Sonja (Orc:2)
  3 salamander mystics
  A shadow wraith (Vaults:3)
  A fire crab (shapeshifter) (Vaults:2)
  4 skeletal warriors (Vaults:2)
  A flayed ghost (Vaults:4)
  6 wizards
  12 sea snakes
  11 deep elf archers
  2 glowing orange brains
  An unseen horror (D:12)
  8 naga ritualists
  42 deep elf magi
  19 harpies
  8 necromancers
  A harpy (shapeshifter) (Vaults:4)
  11 ugly things
  2 ironbrand convokers
  9 orc knights
  5 wolf spiders
  2 orc sorcerers
  11 manticores
  9 mana vipers
  6 fauns
  4 cyclopes
  5 salamanders
  6 oklob plants
  A salamander (shapeshifter) (D:15)
  Maurice (Orc:1)
  5 guardian serpents
  21 black mambas
  3 water nymphs
  6 merfolk sirens
  8 naga magi
  6 vault sentinels
  A fire giant skeleton (Vaults:4)
  A frost giant skeleton (Vaults:3)
  A stone giant skeleton (Vaults:4)
  2 spiny frogs
  A torpor snail (Lair:2)
  2 human zombies
  An efreet (Volcano)
  A kobold demonologist (D:12)
  A komodo dragon (shapeshifter) (D:15)
  An entropy weaver simulacrum (Vaults:2)
  The ghost of ZomBoFoB the Skirmisher, an amateur OgGl (D:4)
  6 komodo dragons
  15 merfolk
  24 yaktaurs
  A tengu simulacrum (Vaults:3)
  A meliai (shapeshifter) (Vaults:4)
  A merfolk (shapeshifter) (D:14)
  A polar bear (shapeshifter) (Vaults:3)
  2 wind drakes
  2 polar bears (Lair:2)
  A raiju (shapeshifter) (D:15)
  37 saltlings (Desolation)
  3 blink frogs
  Grinder (D:4)
  2 hornets
  5 trolls
  12 slime creatures
  Prince Ribbit (D:8)
  7 snapping turtles
  5 dream sheep
  4 hippogriffs
  A spriggan (D:7)
  2 air elementals
  A shadow (D:12)
  3 water elementals
  A redback (shapeshifter) (Vaults:1)
  2 wraiths
  3 vampires
  A battlemage (Snake:4)
  A human (D:13)
  A wyvern (Lair:2)
  A large abomination (Elf:1)
  A basilisk (D:12)
  35 yaks
  4 vampire mosquitoes
  3 hungry ghosts
  Menkaure (D:4)
  4 swamp worms (Lair:6)
  2 wargs (Vaults:4)
  37 nagas
  An acid dragon (D:14)
  8 water moccasins
  Purgy (D:3)
  7 porcupines
  A black bear (shapeshifter) (Vaults:1)
  3 sky beasts
  15 orc warriors
  2 phantoms
  55 ogres
  A boggart (D:10)
  7 centaurs
  15 wolves
  10 crocodiles
  Blork the orc (D:6)
  4 elf zombies (Elf:1)
  10 bullfrogs
  3 human skeletons
  3 earth elementals (Volcano)
  2 scorpions
  5 killer bees (D:9)
  2 spriggan skeletons (D:9)
  An electric eel (Lair:2)
  7 howler monkeys
  5 wights (D:14)
  A crimson imp (D:5)
  6 centaur zombies
  4 jellies
  2 bullfrog skeletons
  A bullfrog zombie (D:10)
  14 orc wizards
  10 orc priests
  7 centaur skeletons
  5 hounds
  Ijyb (D:5)
  Jessica (D:2)
  4 hell rats (Lair:3)
  An iguana (D:12)
  8 worker ants
  A killer bee zombie (D:8)
  A hound zombie (D:9)
  A hound skeleton (D:5)
  Robin (D:2)
  6 gnolls
  9 adders
  6 river rats (D:10)
  A shadow imp (D:5)
  2 oozes
  An adder zombie (D:9)
  14 worms
  3 dart slugs
  2 leopard geckos
  82 orcs
  3 giant cockroaches
  10 hobgoblins
  10 jackals
  12 kobolds
  A quokka (D:6)
  A ball python (D:1)
  3 bats
  9 frilled lizards
  2 gnoll zombies (D:5)
  19 goblins
  A leopard gecko skeleton (D:6)
  A leopard gecko zombie (D:5)
  24 rats
  8 plants
  4 tentacles (Shoals:1)
1207 creatures vanquished.

Vanquished Creatures (collateral kills)
  Vashnia (Snake:4)
  Bai Suzhen (Vaults:2)
  A nagaraja (Snake:4)
  An imperial myrmidon (Desolation)
  A stone giant (Volcano)
  4 ironheart preservers
  A deep elf demonologist (Elf:3)
  A deep elf annihilator (Vaults:2)
  A fire dragon (Vaults:3)
  2 merfolk javelineers
  A merfolk impaler (Shoals:4)
  4 ragged hierophants (Desolation)
  A yaktaur captain (Vaults:3)
  5 servants of whispers (Desolation)
  2 naga warriors (Snake:4)
  5 ogre magi
  A rakshasa (Vaults:3)
  3 peacekeepers (Desolation)
  2 hydras
  2 catoblepae
  3 merfolk avatars
  2 vault guards
  4 two-headed ogres
  A centaur warrior (D:15)
  6 anacondas
  A satyr (Shoals:4)
  5 dancing weapons
  3 shock serpents
  4 naga sharpshooters
  9 deep elf knights
  A salamander mystic (Snake:4)
  5 sea snakes
  4 skeletal warriors (D:11)
  A hell knight (Vaults:4)
  A naga ritualist (Snake:1)
  6 deep elf archers
  A glowing orange brain (D:15)
  3 ironbrand convokers
  6 harpies
  A necromancer (Vaults:4)
  16 deep elf magi
  3 mana vipers
  4 ugly things (D:14)
  2 wolf spiders
  An oklob plant (Lair:5)
  3 fauns (Shoals:2)
  6 cyclopes
  An orc sorcerer (Vaults:4)
  A fire giant skeleton (Vaults:4)
  3 slime creatures
  A fire giant zombie (Vaults:2)
  4 manticores
  2 black mambas (shapeshifter) (Vaults:4)
  8 black mambas
  3 merfolk sirens
  6 naga magi
  Psyche (D:10)
  A gargoyle (D:14)
  4 guardian serpents
  A torpor snail (Lair:2)
  2 water nymphs (Shoals:2)
  A vault sentinel (Vaults:2)
  3 spiny frogs
  10 yaktaurs
  2 tormentors (D:11)
  A tengu conjurer (D:14)
  13 merfolk
  2 trolls
  A jumping spider (shapeshifter) (D:15)
  A polar bear (Lair:5)
  32 saltlings (Desolation)
  2 wind drakes
  A blink frog (shapeshifter) (Elf:1)
  3 hippogriffs
  6 blink frogs
  5 snapping turtles
  An ettin zombie (Vaults:2)
  4 dream sheep
  A wyvern (D:15)
  6 yaks
  4 wraiths
  A vampire (Vaults:2)
  2 water elementals
  A hungry ghost (D:8)
  A steam dragon (D:14)
  4 vampire mosquitoes
  14 nagas
  2 wargs
  2 swamp worms (Lair:6)
  An acid dragon (D:15)
  A soldier ant (shapeshifter) (Vaults:4)
  4 porcupines
  4 water moccasins
  10 orc warriors
  A sky beast (D:8)
  A phantom (D:14)
  12 ogres
  An eye of draining (D:10)
  3 wolves
  2 necrophages
  An elf skeleton (Vaults:3)
  5 centaurs
  5 crocodiles
  A big kobold (D:14)
  An elf zombie (Elf:1)
  A human zombie (Vaults:2)
  3 bullfrogs
  2 earth elementals
  2 scorpions
  A killer bee (D:9)
  A spriggan skeleton (D:9)
  A howler monkey (D:11)
  A jelly (D:6)
  6 crimson imps
  A centaur zombie (D:9)
  5 electric eels
  4 hounds
  5 orc priests
  A bullfrog skeleton (D:10)
  2 centaur skeletons
  5 orc wizards
  2 worker ants
  A hell rat (Lair:3)
  A killer bee zombie (D:10)
  2 worker ant zombies
  4 gnolls
  A howler monkey zombie (D:9)
  2 adders
  A river rat (D:10)
  A shadow imp (D:15)
  An adder skeleton (D:7)
  4 worms (Lair:6)
  40 orcs
  A kobold (D:14)
  A quokka (D:7)
  3 plants (Shoals:3)
  2 tentacles (Shoals:1)
467 creatures vanquished.

Vanquished Creatures (others)
  A hornet (Vaults:4)
  A saltling (Desolation)
  A naga (Snake:1)
  A howler monkey (D:11)
  A hound (D:11)
  36 battlemagi
  2 ancestors (D:6)
  7 fungi
  12 plants
  39 tentacles
101 creatures vanquished.

Grand Total: 1775 creatures vanquished

Notes
Turn   | Place    | Note
-------+----------+-------------------------------------------
     0 | D:1      | RitorJet the Formicid Fighter began the quest for the Orb.
     0 | D:1      | Reached XP level 1. HP: 18/18 MP: 1/1
   271 | D:1      | Reached XP level 2. HP: 24/24 MP: 2/2
   469 | D:1      | Reached XP level 3. HP: 29/29 MP: 3/3
   691 | D:2      | Found a burning altar of Makhleb.
   692 | D:2      | Found a shimmering altar of Xom.
  1074 | D:2      | Reached XP level 4. HP: 34/37 MP: 4/4
  1093 | D:2      | Noticed Robin
  1112 | D:2      | Reached skill level 3 in Maces & Flails
  1123 | D:2      | Noticed Jessica
  1134 | D:2      | HP: 1/37 [hobgoblin[Robin] (3)]
  1139 | D:2      | You fall through a shaft for 2 floors!
  1139 | D:4      | Found Josseq's Food Emporium.
  1462 | D:4      | Reached XP level 5. HP: 37/42 MP: 5/5
  1627 | D:3      | Found a stormy altar of Qazlal.
  1926 | D:3      | Found a sparkling altar of Nemelex Xobeh.
  2188 | D:4      | Reached XP level 6. HP: 48/49 MP: 6/6
  2194 | D:4      | Noticed ZomBoFoB's ghost (amateur OgGl)
  2217 | D:4      | Killed ZomBoFoB's ghost
  2217 | D:4      | Reached skill level 5 in Fighting
  2217 | D:4      | Reached skill level 4 in Maces & Flails
  2217 | D:4      | Reached skill level 5 in Shields
  2217 | D:4      | Reached XP level 7. HP: 49/56 MP: 7/7
  2258 | D:2      | Killed Jessica
  2270 | D:2      | Killed Robin
  2696 | D:3      | Noticed Purgy
  2726 | D:3      | Killed Purgy
  2890 | D:4      | Found a bloodstained altar of Trog.
  3005 | D:4      | Found a blossoming altar of Fedhas.
  3006 | D:4      | Found an opulent altar of Gozag.
  3009 | D:4      | Noticed Menkaure
  3024 | D:4      | Killed Menkaure
  3024 | D:4      | Reached skill level 5 in Maces & Flails
  3024 | D:4      | Reached XP level 8. HP: 9/64 MP: 8/8
  3495 | D:4      | Reached skill level 5 in Armour
  3504 | D:4      | Noticed Grinder
  3526 | D:4      | Killed Grinder
  4066 | D:5      | Entered Level 5 of the Dungeon
  4066 | D:5      | Noticed Ijyb
  4084 | D:5      | Killed Ijyb
  4193 | D:5      | Reached skill level 6 in Maces & Flails
  4557 | D:5      | Reached skill level 1 in Evocations
  4582 | D:5      | Found a staircase to the Ecumenical Temple.
  4602 | Temple   | Entered the Ecumenical Temple
  4852 | D:5      | Got a brightly glowing dagger
  4853 | D:5      | Identified the +5 dagger of the Neverending Cities {pierce, rF+} (You found it on level 5 of the Dungeon)
  5026 | D:5      | Found a basalt altar of Yredelemnul.
  5107 | D:5      | Reached XP level 9. HP: 71/72 MP: 9/9
  5110 | D:5      | Gained mutation: Your mind is acute. (Int +2) [potion of mutation]
  5110 | D:5      | Gained mutation: Scrolls take you a little longer to read. [potion of mutation]
  5110 | D:5      | Gained mutation: You have an increased reservoir of magic. (+10% MP) [potion of mutation]
  5221 | Temple   | Became a worshipper of Hepliaklqana the Forgotten
  5419 | D:6      | Noticed Blork the orc
  5435 | D:6      | Killed Blork the orc
  5568 | D:6      | Found Doery's Gadget Emporium.
  5599 | D:6      | Reached skill level 7 in Maces & Flails
  5612 | D:6      | Bought a box of beasts for 200 gold pieces
  5714 | D:6      | Reached * piety under Hepliaklqana
  5874 | D:6      | Found a blossoming altar of Fedhas.
  6044 | D:6      | Found Vomy's Assorted Antiques.
  6052 | D:6      | Bought a scroll labeled QURUTT TOUDUOPNAIGG for 24 gold pieces
  6052 | D:6      | Bought a cyan potion for 21 gold pieces
  6086 | D:6      | Found Asecs's Assorted Antiques.
  6398 | D:7      | Found Zumaenk's Antique Weapon Shop.
  6789 | D:8      | Reached XP level 10. HP: 67/73 MP: 13/13
  6790 | D:8      | Reached ** piety under Hepliaklqana
  6791 | D:8      | Remembered your ancestor Jinn as a battlemage
  7142 | D:8      | Noticed Prince Ribbit
  7148 | D:8      | Killed Prince Ribbit
  7148 | D:8      | Reached skill level 8 in Maces & Flails
  7514 | D:9      | Reached skill level 1 in Invocations
  8148 | D:9      | Reached XP level 11. HP: 81/81 MP: 16/16
  8162 | D:10     | Entered Level 10 of the Dungeon
  8369 | D:10     | Reached skill level 9 in Maces & Flails
  8374 | D:10     | Reached skill level 10 in Fighting
  8464 | D:10     | Reached skill level 5 in Evocations
  8531 | D:10     | Noticed Psyche
  8538 | D:10     | Killed Psyche
  8596 | D:10     | Reached *** piety under Hepliaklqana
  8744 | D:10     | Found a staircase to the Orcish Mines.
  9045 | D:10     | Noticed a deep elf mage
  9046 | D:10     | Noticed a centaur warrior
  9055 | D:10     | Killed a centaur warrior
  9062 | D:10     | Killed a deep elf mage
  9428 | D:7      | Bought a morningstar for 112 gold pieces
  9725 | Orc:1    | Entered Level 1 of the Orcish Mines
  9727 | Orc:1    | Noticed Erolcha
  9737 | Orc:1    | Killed Erolcha
  9750 | Orc:1    | Noticed an orc high priest
  9752 | Orc:1    | Noticed homeworkjunkie's ghost (journeyman HOFi)
  9754 | Orc:1    | Noticed an orc high priest
 10008 | D:11     | HP: 4/82 [??? (1)]
 10020 | D:11     | Noticed a death knight
 10021 | D:11     | Killed a death knight
 10132 | D:11     | Noticed a skeletal warrior
 10145 | D:11     | Killed a skeletal warrior
 10145 | D:11     | Reached skill level 10 in Maces & Flails
 10145 | D:11     | Reached XP level 12. HP: 70/90 MP: 18/18
 10186 | D:11     | HP: 4/90 [??? (2)]
 10227 | D:11     | Identified the Reference Book on Aerial Battle Magic
 10240 | D:11     | Got a spiked scale mail
 10339 | D:11     | Identified the +2 scale mail of Polytheism {rC++ MR+ Int-4} (You found it on level 11 of the Dungeon)
 10471 | D:11     | Reached skill level 5 in Invocations
 10616 | D:11     | Found a staircase to the Lair.
 10691 | D:11     | Noticed a skeletal warrior
 10694 | D:11     | Noticed a skeletal warrior
 10695 | D:11     | Noticed a skeletal warrior
 10701 | D:11     | Killed a skeletal warrior
 10709 | D:11     | Killed a skeletal warrior
 10715 | D:11     | Killed a skeletal warrior
 10882 | D:11     | Noticed Snorg
 10897 | D:11     | Killed Snorg
 11130 | Lair:1   | Entered Level 1 of the Lair of Beasts
 11253 | Lair:1   | Noticed Fannar
 11264 | Lair:1   | Killed Fannar
 11429 | Lair:1   | Noticed SaintRoka's ghost (journeyman SpAr)
 11502 | Lair:1   | Killed SaintRoka's ghost
 11502 | Lair:1   | Reached skill level 11 in Maces & Flails
 11502 | Lair:1   | Reached skill level 10 in Shields
 11502 | Lair:1   | Reached XP level 13. HP: 97/97 MP: 20/20
 11624 | Lair:1   | Reached **** piety under Hepliaklqana
 12149 | Lair:2   | Noticed a six-headed hydra
 12157 | Lair:2   | Killed a six-headed hydra
 12466 | Lair:2   | Found a staircase to the Shoals.
 13195 | Lair:3   | Reached ***** piety under Hepliaklqana
 13254 | Lair:3   | Found a staircase to the Snake Pit.
 14043 | Lair:4   | Found a dark tunnel.
 14046 | Volcano  | Entered a volcano
 14196 | Volcano  | Noticed a stone giant
 14211 | Volcano  | Killed a stone giant
 14676 | Lair:4   | Reached skill level 12 in Maces & Flails
 14802 | Lair:4   | Noticed a four-headed hydra
 14803 | Lair:4   | Noticed a catoblepas
 14810 | Lair:4   | Killed a four-headed hydra
 14810 | Lair:4   | Reached XP level 14. HP: 85/106 MP: 22/22
 14813 | Lair:4   | Reached skill level 10 in Armour
 15044 | Lair:4   | Got a shimmering dagger
 15045 | Lair:4   | Identified the +1 dagger "Xemas" {pierce, Dex+2} (You found it on level 4 of the Lair of Beasts)
 15557 | Lair:5   | Reached skill level 1 in Dodging
 15976 | Lair:5   | Lost mutation: Scrolls take you a little longer to read. [potion of mutation]
 15976 | Lair:5   | Lost mutation: You have an increased reservoir of magic. (+10% MP) [potion of mutation]
 15976 | Lair:5   | Lost mutation: Your mind is acute. (Int +2) [potion of mutation]
 15976 | Lair:5   | Gained mutation: Your mind is acute. (Int +2) [potion of mutation]
 15976 | Lair:5   | Gained mutation: You are robust. (+10% HP) [potion of mutation]
 16373 | Lair:6   | Entered Level 6 of the Lair of Beasts
 17255 | Lair:6   | Reached skill level 14 in Maces & Flails
 17255 | Lair:6   | Reached XP level 15. HP: 126/126 MP: 21/21
 17312 | Lair:6   | Reached XP level 16. HP: 133/133 MP: 22/22
 17350 | Lair:6   | Found a viscous altar of Jiyva.
 17351 | Lair:6   | Found a staircase to the Slime Pits.
 17888 | Shoals:1 | Entered Level 1 of the Shoals
 17928 | Shoals:1 | Noticed a kraken
 17950 | Shoals:1 | Killed a kraken
 18073 | Shoals:1 | Reached ****** piety under Hepliaklqana
 18091 | Shoals:1 | Found Zyxuot's Antique Weapon Shoppe.
 18336 | Shoals:1 | Noticed a kraken
 18548 | Shoals:1 | Lost mutation: Your mind is acute. (Int +2) [potion of mutation]
 18548 | Shoals:1 | Lost mutation: You are robust. (+10% HP) [potion of mutation]
 18548 | Shoals:1 | Gained mutation: You are somewhat resistant to further mutation. [potion of mutation]
 18548 | Shoals:1 | Gained mutation: You are agile. (Dex +2) [potion of mutation]
 18748 | Shoals:1 | Killed a kraken
 19452 | Shoals:2 | Reached skill level 10 in Evocations
 19691 | Shoals:2 | Reached skill level 10 in Invocations
 19855 | Shoals:3 | Reached skill level 15 in Fighting
 19855 | Shoals:3 | Reached XP level 17. HP: 127/127 MP: 24/24
 20161 | Shoals:3 | Reached skill level 15 in Maces & Flails
 20262 | Shoals:4 | Entered Level 4 of the Shoals
 20262 | Shoals:4 | Found Usicw's General Store.
 20273 | Shoals:4 | Reached skill level 5 in Dodging
 20284 | Shoals:4 | Lost mutation: You are agile. (Dex +2) [potion of mutation]
 20284 | Shoals:4 | Lost mutation: You are somewhat resistant to further mutation. [potion of mutation]
 20284 | Shoals:4 | Gained mutation: Your body sometimes deteriorates upon taking damage. [potion of mutation]
 20284 | Shoals:4 | Gained mutation: You are agile. (Dex +2) [potion of mutation]
 20285 | Shoals:4 | Lost mutation: You are agile. (Dex +2) [potion of mutation]
 20285 | Shoals:4 | Lost mutation: Your body sometimes deteriorates upon taking damage. [potion of mutation]
 20285 | Shoals:4 | Gained mutation: Your skin changes colour to match your surroundings (Stealth+). [potion of mutation]
 20285 | Shoals:4 | Gained mutation: You are partially covered in yellow scales. (AC +2) [potion of mutation]
 20285 | Shoals:4 | Gained mutation: Scrolls take you a little longer to read. [potion of mutation]
 20285 | Shoals:4 | Gained mutation: You have a somewhat thin skeletal structure. (Dex +2, Stealth) [potion of mutation]
 20521 | Shoals:4 | Got a brightly glowing mace
 20522 | Shoals:4 | Identified the cursed +2 mace "Orchutz" {freeze, rC+ Str+2 Dex+4} (You found it on level 4 of the Shoals)
 20623 | Shoals:4 | Bought a potion of curing for 39 gold pieces
 20623 | Shoals:4 | Bought a scroll of acquirement for 676 gold pieces
 20623 | Shoals:4 | Bought a scroll of identify for 26 gold pieces
 20623 | Shoals:4 | Bought a scroll of identify for 26 gold pieces
 20849 | Shoals:4 | Noticed lyrx's ghost (adept SpEn)
 20858 | Shoals:4 | Killed lyrx's ghost
 20929 | Shoals:4 | Identified Baseihar's Compendium of Poisonous Attacks
 21126 | Shoals:4 | Learned a level 9 spell: Tornado
 21229 | Shoals:4 | Noticed Ilsuiw
 21259 | Shoals:4 | Killed Ilsuiw
 21266 | Shoals:4 | Noticed a kraken
 21817 | Shoals:4 | Got a barnacled rune of Zot
 22143 | Orc:1    | Noticed Maurice
 22145 | Orc:1    | Killed homeworkjunkie's ghost
 22164 | Orc:1    | Killed Maurice
 22615 | Orc:1    | Reached XP level 18. HP: 123/135 MP: 21/25
 22864 | Orc:2    | Entered Level 2 of the Orcish Mines
 23016 | Orc:2    | Found Umnyew's Gadget Boutique.
 23016 | Orc:2    | Found Ithixak's Distillery.
 23016 | Orc:2    | Found Vuen's Weapon Emporium.
 23016 | Orc:2    | Found Giloic's Jewellery Shop.
 23021 | Orc:2    | Noticed Sonja
 23036 | Orc:2    | Killed Sonja
 23141 | Orc:2    | Bought the ring of Amorality {*Tele rC+++ Int+3} for 725 gold pieces
 23144 | Orc:2    | Bought a potion of curing for 36 gold pieces
 23144 | Orc:2    | Bought a potion of heal wounds for 60 gold pieces
 23144 | Orc:2    | Bought a potion of agility for 48 gold pieces
 23144 | Orc:2    | Bought a potion of invisibility for 96 gold pieces
 23144 | Orc:2    | Bought a potion of curing for 36 gold pieces
 23144 | Orc:2    | Bought a potion of heal wounds for 60 gold pieces
 23144 | Orc:2    | Bought a potion of heal wounds for 60 gold pieces
 23144 | Orc:2    | Bought a potion of invisibility for 96 gold pieces
 23144 | Orc:2    | Bought a potion of agility for 48 gold pieces
 23145 | Orc:2    | Bought a wand of iceblast (2) for 72 gold pieces
 23145 | Orc:2    | Bought a box of beasts for 240 gold pieces
 23145 | Orc:2    | Bought a sack of spiders for 240 gold pieces
 23145 | Orc:2    | Bought a wand of iceblast (2) for 72 gold pieces
 23292 | Orc:2    | Found a staircase to the Elven Halls.
 23311 | Orc:2    | Found a roughly hewn altar of Beogh.
 23837 | Snake:1  | Entered Level 1 of the Snake Pit
 24212 | Snake:1  | Reached skill level 10 in Dodging
 25436 | Snake:2  | Got a fine shield
 25439 | Snake:2  | Identified the cursed +0 shield "Cirghutik" {Dex+6} (You found it on level 2 of the Snake Pit)
 25501 | Snake:2  | Got an ancient war axe
 25502 | Snake:2  | Identified the +6 war axe of Dithmenos's Hope {holy, rC+ Int+3} (You found it on level 2 of the Snake Pit)
 25854 | Snake:2  | Reached XP level 19. HP: 103/141 MP: 18/27
 25938 | Snake:2  | Got a bound golden amulet
 25943 | Snake:2  | Identified the amulet "Ygeq" {+Rage rPois rN+} (You found it on level 2 of the Snake Pit)
 25947 | Snake:2  | Got a vibrating garnet amulet
 25950 | Snake:2  | Identified the amulet "Puetok" {Faith +Inv rF+} (You found it on level 2 of the Snake Pit)
 26651 | Snake:4  | Entered Level 4 of the Snake Pit
 26886 | Snake:4  | Noticed Vashnia
 26898 | Snake:4  | Killed Vashnia
 26915 | Snake:4  | Reached skill level 16 in Maces & Flails
 28252 | Snake:4  | Got a serpentine rune of Zot
 28552 | Lair:6   | Lost mutation: Scrolls take you a little longer to read. [potion of mutation]
 28552 | Lair:6   | Lost mutation: You are partially covered in yellow scales. (AC +2) [potion of mutation]
 28552 | Lair:6   | Lost mutation: You have a somewhat thin skeletal structure. (Dex +2, Stealth) [potion of mutation]
 28552 | Lair:6   | Gained mutation: You are agile. (Dex +2) [potion of mutation]
 28552 | Lair:6   | Gained mutation: You have sharp toenails. [potion of mutation]
 28552 | Lair:6   | Gained mutation: You are resistant to hostile enchantments. (MR+) [potion of mutation]
 28962 | D:12     | Noticed Rupert
 28966 | D:12     | Noticed Gastronok
 28971 | D:12     | Killed Rupert
 28978 | D:12     | Killed Gastronok
 29242 | D:12     | Reached XP level 20. HP: 147/147 MP: 28/28
 30085 | D:13     | Found a gate to the Vaults.
 30710 | D:14     | Found Xekheagg's Book Shop.
 31076 | D:15     | Entered Level 15 of the Dungeon
 31108 | D:15     | Found a shadowy altar of Dithmenos.
 31678 | D:15     | Found a staircase to the Depths.
 31763 | D:15     | Found a shattered altar of Ashenzari.
 32066 | Vaults:1 | Entered Level 1 of the Vaults
 32106 | Vaults:1 | Reached skill level 15 in Shields
 32569 | Vaults:1 | You fall through a shaft!
 32598 | Vaults:2 | Reached skill level 17 in Maces & Flails
 32979 | Vaults:2 | Found a ruined gateway.
 33076 | Desolati | Entered the Desolation of Salt
 33133 | Desolati | Reached XP level 21. HP: 96/154 MP: 29/29
 33254 | Desolati | Identified the Almanac of Fetching Summoning
 33378 | Desolati | Got a slimy pewter amulet
 33381 | Desolati | Identified the amulet of Jelavut {+Rage Int+3 SInv} (You found it in the Desolation of Salt)
 33400 | Desolati | Got a smoking chain mail
 33401 | Desolati | Identified the +4 chain mail of Zalon {Dex+9} (You found it in the Desolation of Salt)
 33574 | Desolati | Got a flickering glass ring
 33575 | Desolati | Identified the ring "Archeoxe" {rF+++ MR+ EV+4 Dex-5 Slay+2} (You found it in the Desolation of Salt)
 34602 | Vaults:2 | Noticed Bai Suzhen
 34606 | Vaults:2 | Killed Bai Suzhen
 34668 | Vaults:2 | Reached skill level 15 in Armour
 35006 | Vaults:2 | Reached XP level 22. HP: 125/163 MP: 30/30
 35339 | Vaults:2 | Found a staircase to the Crypt.
 35610 | Vaults:2 | Found the +2 ratskin cloak {+Rats rPois rN+ Str-1 Int-1 Dex+1}
 35640 | Vaults:2 | Got a pair of twisted gloves
 35646 | Vaults:2 | Identified the +1 pair of gloves of the Gate {MR+ Str+3} (You acquired it on level 2 of the Vaults)
 36376 | Vaults:3 | Reached skill level 18 in Maces & Flails
 37912 | Vaults:4 | Reached XP level 23. HP: 169/169 MP: 32/32
 37982 | Vaults:4 | Found a sacrificial altar of Ru.
 38028 | Vaults:4 | Reached skill level 19 in Maces & Flails
 38453 | Vaults:4 | Found Ynguret's Antique Weapon Emporium.
 38460 | Vaults:4 | Learned a level 5 spell: Dispel Undead
 38810 | Elf:1    | Entered Level 1 of the Elven Halls
 39204 | Elf:1    | Identified the Collected Works on Dark Arts
 39324 | Elf:1    | Found Vekusap's Armour Emporium.
 39324 | Elf:1    | Noticed Agnes
 39334 | Elf:1    | Killed Agnes
 39334 | Elf:1    | Reached skill level 1 in Necromancy
 39336 | Elf:1    | Noticed Louise
 39348 | Elf:1    | Killed Louise
 39678 | Elf:2    | Found a deep blue altar of Sif Muna.
 39710 | Elf:2    | Found a runed gate.
 39710 | Elf:2    | Found a runed gate.
 39710 | Elf:2    | Found a runed gate.
 39859 | Elf:2    | Found a portal to a secret trove of treasure.
 40149 | Elf:2    | Found the ring of Shadows {Umbra +Inv Stlth+}
 40418 | Elf:2    | Reached skill level 5 in Necromancy
 40724 | Elf:2    | Reached skill level 20 in Maces & Flails
 40894 | Elf:3    | Entered Level 3 of the Elven Halls
 41026 | Elf:3    | Found Lunaenn's Magic Scroll Boutique.
 41032 | Elf:3    | Bought a scroll of enchant weapon for 142 gold pieces
 41032 | Elf:3    | Bought a scroll of enchant weapon for 142 gold pieces
 41037 | Elf:3    | Found Qul Fahu's Armour Shoppe.
 41142 | Elf:3    | Found Kiuseuf's Armour Emporium.
 41246 | Elf:3    | Found Zidixore's Weapon Shoppe.
 41253 | Elf:3    | Reached XP level 24. HP: 175/175 MP: 33/33
 41313 | Elf:3    | Killed from afar by a deep elf sorcerer

Skill      XL: |  1  2  3  4  5  6  7  8  9 10 11 12 13 14 15 16 17 18 19 20 21 22 23 24 |
---------------+-------------------------------------------------------------------------+-----
Shields        | 4 5 6 7 8 9 10 11 12 13 14 15 16 | 16.6
Maces & Flails | 3 4 5 6 7 8 10 11 12 14 15 16 17 18 20 | 20.2
Fighting       | 4 5 7 8 9 11 12 13 14 15 16 17 | 17.5
Armour         | 4 5 6 7 8 9 10 11 12 13 14 15 | 15.4
Evocations     | 1 3 4 6 7 8 9 10 13 14 | 14.0
Invocations    | 2 4 6 7 8 10 | 10.1
Dodging        | 2 3 4 5 11 13 14 | 14.5
Necromancy     | 6 7 |  7.2

Action                   |  1- 3 |  4- 6 |  7- 9 | 10-12 | 13-15 | 16-18 | 19-21 | 22-24 || total
-------------------------+-------+-------+-------+-------+-------+-------+-------+-------++-------
Melee: Flail             |   124 |   215 |   189 |   310 |   299 |       |       |       ||  1137
       Dagger            |       |       |   219 |   375 |       |       |       |       ||   594
       Great mace        |       |       |       |       |   276 |   861 |  1031 |   907 ||  3075
Invok: Ancestor Identity |       |       |     1 |       |       |       |       |       ||     1
       Ancestor Life: Ba |       |       |       |     1 |       |       |       |       ||     1
       Idealise          |       |       |       |       |       |     1 |     4 |     1 ||     6
       Transference      |       |       |       |       |       |     1 |     1 |       ||     2
       Recall Ancestor   |       |       |       |       |       |       |     1 |       ||     1
 Abil: Shaft Self        |       |     1 |       |       |       |       |       |       ||     1
       Dig               |       |       |       |     8 |    20 |    18 |     7 |       ||    53
       Evoke Ratskin     |       |       |       |       |       |       |       |     2 ||     2
       Evoke Invisibilit |       |       |       |       |       |       |       |     1 ||     1
Evoke: Wand              |       |       |     7 |    12 |     9 |    84 |     1 |       ||   113
       Lightning rod     |       |       |       |     4 |       |     5 |       |       ||     9
       Box of beasts     |       |       |       |     1 |       |     2 |       |       ||     3
       Sack of spiders   |       |       |       |     1 |       |     3 |     1 |     1 ||     6
       Lamp of fire      |       |       |       |       |       |     3 |     1 |     1 ||     5
       Phantom mirror    |       |       |       |       |       |       |     1 |       ||     1
  Use: Scroll            |       |     2 |    12 |    12 |    16 |    12 |    17 |    11 ||    82
       Potion            |       |     4 |     4 |     1 |     4 |    11 |    21 |     1 ||    46
 Stab: Distracted        |       |       |       |    11 |     6 |     7 |    22 |     5 ||    51
       Petrified         |       |       |       |       |     3 |       |       |       ||     3
       Paralysed         |       |       |       |       |       |     2 |       |       ||     2
       Invisible         |       |       |       |       |       |       |     7 |     3 ||    10
  Eat: Chunk             |     1 |     4 |     9 |    14 |    18 |    10 |     3 |     5 ||    64
       Ration            |       |       |     2 |     1 |     2 |     6 |     9 |     5 ||    25
Armor: Scale mail        |    10 |       |       |    73 |    91 |       |       |       ||   174
       Plate armour      |    57 |   182 |   154 |   162 |   108 |   404 |   255 |     7 ||  1329
       Crystal plate arm |       |       |       |       |       |       |       |   155 ||   155
Dodge: Dodged            |    30 |    60 |    56 |   106 |    69 |   220 |   279 |   205 ||  1025
Block: Shield            |    71 |   146 |    90 |       |       |       |       |       ||   307
       Large shield      |       |       |   188 |   690 |   574 |  1198 |  1140 |   800 ||  4590
